 Dungeon Crawl Stone Soup version 0.24-a0-272-g1411513 (webtiles) character file.

Game seed: 6581515688861755950

487 terrorsythe the Distorting Demonspawn (level 6, 0/48 HPs)
             Began as a Demonspawn Abyssal Knight on Apr 25, 2019.
             Was a Believer of Lugonu.
             Slain by an orc wizard
             ... wielding a +0 dagger
              (1 damage)
             ... on level 2 of the Dungeon.
             The game lasted 00:10:20 (3018 turns).

terrorsythe the Distorting Demonspawn (DsAK)        Turns: 3018, Time: 00:10:20

Health: 0/48       AC:  9    Str: 14    XL:     6   Next: 89%
Magic:  0/9        EV: 14    Int: 13    God:    Lugonu [**....]
Gold:   90         SH:  8    Dex: 18    Spells: 5/5 levels left

rFire    + . .     SeeInvis .   a - +1 hand axe
rCold    x . .     Gourm    .   b - +0 shield
rNeg     . . .     Faith    .   d - +1 ring mail
rPois    .         Spirit   +   j - +2 helmet
rElec    .         Reflect  .   (no cloak)
rCorr    .         Harm     .   (no gloves)
MR       .....                  (no boots)
Stlth    ++........             g - amulet of guardian spirit
HPRegen  0.16/turn              e - ring of fire
MPRegen  0.11/turn              (no ring)

@: agile, berserk cooldown, slowed, very slow
A: claws 1, spiny 1, magic shield
a: Depart the Abyss, Bend Space, Renounce Religion


You were on level 2 of the Dungeon.
You worshipped Lugonu.
Lugonu was pleased with you.
You were hungry.

You visited 1 branch of the dungeon, and saw 3 of its levels.
You visited the Abyss 1 time.

You collected 90 gold pieces.

Inventory:

Hand Weapons
 a - a +1 hand axe (weapon)
Missiles
 f - 57 stones (quivered)
Armour
 b - a +0 shield (worn)
 d - a +1 ring mail (worn)
 i - a +0 chain mail
 j - a +2 helmet (worn)
Jewellery
 e - a ring of fire (left claw)
 g - an amulet of guardian spirit (around neck)
Scrolls
 h - a scroll of identify
Comestibles
 c - 2 rations


   Skills:
 + Level 4.0 Fighting
 * Level 4.0 Axes
 + Level 3.0 Armour
 + Level 2.4 Dodging
 + Level 2.0 Shields
 + Level 4.3 Invocations


You had 5 spell levels left.
You didn't know any spells.
Your spell library was empty.

Dungeon Overview and Level Annotations

Branches:
Dungeon (3/15)

Altars:
Sif Muna


Innate Abilities, Weirdness & Mutations

You have sharp fingernails.
You are partially covered in sharp spines.
When hurt, damage is shared between your health and your magic reserves.


Message History

There is a stone staircase leading down here.
You block the gnoll's attack. The gnoll hits you but does no damage.
You hear some strange, mumbled words.
Deactivating autopickup; reactivate with Ctrl-A.
Something tries to affect you, but you resist.
You hear some strange, mumbled words.
You are confused.
Something hits you but does no damage.
You bump into the rock wall.
The gnoll hits you from afar with a +0 spear.
* * * LOW HITPOINT WARNING * * *
Something hits you.
* * * LOW HITPOINT WARNING * * *
The gnoll hits you from afar with a +0 spear!
* * * LOW HITPOINT WARNING * * *
You bump into the rock wall.
You feel less confused. Something hits you but does no damage.
You block the gnoll's attack. Something hits you.
You die...

#......# #......# #......#
#......## # ##########
#.......###### #........#
#...........## #........#
#.............
#........######......######.
#..........@.g............).
#......<.########>....#####.
#........# ##.......####.
########## #.........##..
########## #.........##.#
#........# #.........#..#
#........# #.........#.##
#........## #.........#.##
#####.....# ##.......##.##


You could see a gnoll.

Vanquished Creatures
  Sigmund (D:3)
  2 big kobolds (D:3)
  The ghost of AutismCausesVaccines the Skirmisher, a weakling DsFi (D:3)
  Terence (D:2)
  A worker ant (D:2)
  Robin (D:2)
  2 adders
  A worm (D:3)
  A dart slug (D:1)
  3 leopard geckos
  2 giant cockroaches (D:1)
  13 hobgoblins
  2 quokkas
  2 ball pythons
  6 bats
  3 frilled lizards
  19 goblins
  9 kobolds
  3 rats (D:1)
73 creatures vanquished.

Vanquished Creatures (others)
  3 fungi (D:3)
  A plant (D:3)
4 creatures vanquished.

Grand Total: 77 creatures vanquished

Notes
Turn   | Place    | Note
-------+----------+-------------------------------------------
     0 | Abyss:1  | terrorsythe the Demonspawn Abyssal Knight began the quest
                  | for the Orb.
     0 | Abyss:1  | Reached XP level 1. HP: 18/18 MP: 2/2
    78 | Abyss:2  | Found a corrupted altar of Lugonu.
   115 | Abyss:2  | Noticed an ancient zyme
   116 | D:1      | Escaped the Abyss
   181 | D:1      | Reached skill level 1 in Dodging
   224 | D:1      | Gained mutation: When hurt, damage is shared between your
                  | health and your magic reserves. [demonic ancestry]
   224 | D:1      | Reached XP level 2. HP: 20/24 MP: 4/4
   286 | D:1      | Reached * piety under Lugonu
   990 | D:2      | Gained mutation: You are partially covered in sharp spines.
                  | [demonic ancestry]
   990 | D:2      | Reached XP level 3. HP: 17/29 MP: 5/5
  1774 | D:2      | Noticed Terence
  1791 | D:2      | Killed Terence
  1791 | D:2      | Reached XP level 4. HP: 17/35 MP: 2/6
  1998 | D:2      | Found a deep blue altar of Sif Muna.
  2235 | D:3      | Identified the +9 whip "Newtbane" {chaos, Str+4}
  2235 | D:3      | Noticed a big kobold
  2237 | D:3      | Noticed a big kobold
  2237 | D:3      | Noticed AutismCausesVaccines's ghost (weakling DsFi)
  2238 | D:3      | Found a runed translucent gate.
  2238 | D:3      | Found a runed translucent gate.
  2238 | D:3      | Found a runed translucent gate.
  2399 | D:3      | Reached skill level 1 in Shields
  2442 | D:3      | Reached ** piety under Lugonu
  2542 | D:3      | Noticed Robin
  2542 | D:3      | Noticed Sigmund
  2612 | D:3      | Killed Sigmund
  2612 | D:3      | Gained mutation: You have sharp fingernails. [demonic
                  | ancestry]
  2612 | D:3      | Reached XP level 5. HP: 29/42 MP: 5/7
  2612 | D:3      | Reached XP level 6. HP: 33/48 MP: 5/8
  2841 | D:2      | Killed Robin
  2968 | D:3      | Killed AutismCausesVaccines's ghost
  3017 | D:2      | HP: 1/48 [gnoll/+0 spear (5)]
  3018 | D:2      | Slain by an orc wizard

Levels and vault maps discovered:
D:1:      dpeg_arrival_yet_another_circle, layout_basic
D:2:      layout_rooms, lemuel_blue_sif_altar, uniq_terence
D:3:      layout_loops_ring, lemuel_doored_altar, overflow_temple_1_default,
          first_ration, gammafunk_ghost_nasty_kobolds, uniq_robin, uniq_sigmund
Abyss:1:  lemuel_flamethrower_3
Abyss:2:  minivault_5

Skill      XL: |  1  2  3  4  5  6 |
---------------+-------------------+-----
Dodging        | 1 2 |  2.4
Axes           | 2 3 4 |  4.0
Armour         | 2 3 |  3.0
Invocations    | 3 4 |  4.3
Shields        | 1 2 |  2.0
Fighting       | 4 |  4.0

Action                   |  1- 3 |  4- 6 || total
-------------------------+-------+-------++-------
Melee: Hand axe          |   104 |    90 ||   194
       Unarmed           |       |    17 ||    17
Throw: Stone             |     8 |       ||     8
Invok: Depart the Abyss  |     1 |       ||     1
  Use: Scroll            |     5 |     2 ||     7
       Potion            |     4 |     2 ||     6
 Stab: Sleeping          |     1 |       ||     1
       Confused          |       |     2 ||     2
  Eat: Chunk             |     3 |     3 ||     6
Armor: Ring mail         |    30 |    48 ||    78
       Skin              |       |     4 ||     4
Dodge: Dodged            |    41 |    62 ||   103
Block: Shield            |    26 |    43 ||    69

Table legend:
 A = Non-vault XP
 B = Vault XP
 C = Vault XP percentage of total XP
 D = Non-vault monster count
 E = Vault monster count
 F = Vault count percentage of total count
                 A         B        C        D         E       F
            +---------+---------+-------+---------+---------+-------
      Total |     145 |     551 |  79.2 |      49 |      24 |  32.9
            +---------+---------+-------+---------+---------+-------
        D:1 |      32 |       0 |   0.0 |      20 |       0 |   0.0
        D:2 |      66 |      64 |  49.2 |      12 |       9 |  42.9
        D:3 |      47 |     487 |  91.2 |      17 |      15 |  46.9
            +---------+---------+-------+---------+---------+-------
